 Dungeon Crawl Stone Soup version 0.25-a0-404-gc1b5a34292 (webtiles) character file.

Game seed: 11685120562498139976, levelgen mode: deterministic

53 Flugkiller the Skirmisher (level 3, 0/29 HPs)
             Began as a Deep Elf Warper on Jan 11, 2020.
             Slain by an adder (3 damage)
             ... on level 2 of the Dungeon.
             The game lasted 00:02:48 (2006 turns).

Flugkiller the Skirmisher (Deep Elf Warper)         Turns: 2006, Time: 00:02:49

Health: 0/29       AC:  3    Str:  8    XL:     3   Next: 64%
Magic:  8/8        EV: 12    Int: 18    God:
Gold:   60         SH:  0    Dex: 14    Spells: 4/8 levels left

rFire    . . .     SeeInvis .   a - +0 short sword
rCold    . . .     Gourm    .   (no shield)
rNeg     . . .     Faith    .   b - +0 leather armour
rPois    +         Spirit   .   (no helmet)
rElec    .         Reflect  .   (no cloak)
rCorr    .         Harm     .   (no gloves)
MR       .....                  (no boots)
Stlth    +.........             (no amulet)
HPRegen  0.09/turn              (no ring)
MPRegen  0.11/turn              (no ring)

@: lethally poisoned (0 -> -6), very slightly contaminated
A: hooves 1, low mp 1, poison resistance
a: no special abilities


You were on level 2 of the Dungeon.
You were hungry.

You visited 1 branch of the dungeon, and saw 2 of its levels.

You collected 60 gold pieces.

Inventory:

Hand Weapons
 a - a +0 short sword (weapon)
Armour
 b - a +0 leather armour (worn)
Scrolls
 d - 2 scrolls of blinking
 g - a scroll of remove curse {unknown}
 i - a scroll of identify {unknown}
 j - a scroll of teleportation {unknown}
Potions
 e - 2 potions of mutation
Comestibles
 f - 7 rations


   Skills:
 - Level 7.7 Fighting
 - Level 2.0 Short Blades
 - Level 1.0 Throwing
 - Level 0.7 Armour
 - Level 2.4 Dodging
 + Level 2.0 Unarmed Combat
 - Level 3.0 Spellcasting
 - Level 3.2 Translocations


You had 4 spell levels left.
You knew the following spells:

 Your Spells              Type           Power        Failure   Level  Hunger
b - Shroud of Golubria    Chrm/Tloc      #.....       19%         2    ##.....
r - Blink                 Tloc           N/A          9%          2    ##.....

Your spell library contained the following spells:

 Spells                   Type           Power        Failure   Level  Hunger
 Gell's Gravitas          Tloc           ##........   19%         3    ###....
 Lesser Beckoning         Tloc           ##........   19%         3    ###....
 Teleport Other           Tloc           ##......     19%         3    ###....
 Passage of Golubria      Tloc           N/A          52%         4    ####...


Dungeon Overview and Level Annotations

Branches:
Dungeon (2/15)

Altars:
Kikubaaqudgha

Annotations:
D:2 Sigmund


Innate Abilities, Weirdness & Mutations

You have large cloven feet.
Your magical capacity is low. (-10% MP)
Your system is resistant to poisons. (rPois)


Message History

Unknown command.
You miss the adder.
The adder is lightly wounded.
The adder closely misses you. The adder bites you.
Unknown command.
You hit the adder.
The adder is moderately wounded.
You feel sick. The adder misses you.
Unknown command.
You closely miss the adder.
The adder is moderately wounded.
The adder bites you but does no damage.
Unknown command.
You hit the adder. Your kick misses the adder.
The adder is heavily wounded.
The adder bites you but does no damage. The adder bites you.
* * * LOW HITPOINT WARNING * * *
You are lethally poisoned!
The adder poisons you!
It was a potion of experience.
You feel more experienced!
Your Fighting skill gained 6 levels and is now at level 7!
You have reached level 3!
Your experience leads to an increase in your attributes!
Increase (S)trength, (I)ntelligence, or (D)exterity?
You feel clever.
* * * LOW HITPOINT WARNING * * *
You feel sick. The adder misses you.
Unknown command.
You aren't carrying any items that you can evoke.
Okay, then.
You barely miss the adder. You kick the adder, but do no damage.
The adder is heavily wounded.
* * * LOW HITPOINT WARNING * * *
You feel sick. The adder closely misses you.
You closely miss the adder. Your kick misses the adder.
The adder is heavily wounded.
* * * LOW HITPOINT WARNING * * *
You feel sick. The adder bites you but does no damage.
You barely miss the adder.
The adder is heavily wounded.
The adder bites you.
* * * LOW HITPOINT WARNING * * *
The adder bites you.
* * * LOW HITPOINT WARNING * * *
You hit the adder.
The adder is heavily wounded.
* * * LOW HITPOINT WARNING * * *
You feel sick. The adder bites you.
You die...

#.####.....###...#####.##
#..........# ##........#
...####....# #.^#######
.#.# ###..# #..# .#.#
#..# #..######## .#.#
#..####.......).. .#.#
#.>..##...#######
.#.######.##.##>..#
.....##.........@.#
.....##.#.......S.##
..........##.#.....#
.....##.#.##.#.....#
.....####.##.####..#
##.### #.##.# #..# #.#
#.##.####..# #.#
#..........#
#.######.....###..#


You could see an adder.

Vanquished Creatures
  6 bats
  3 giant cockroaches
  5 goblins (D:1)
  2 hobgoblins
  A quokka (D:2)
  A rat (D:2)
18 creatures vanquished.

Vanquished Creatures (others)
  A human (D:2)
1 creature vanquished.

Grand Total: 19 creatures vanquished

Notes
Turn   | Place    | Note
-------+----------+-------------------------------------------
     0 | D:1      | Flugkiller the Deep Elf Warper began the quest for the Orb.
     0 | D:1      | Reached XP level 1. HP: 12/12 MP: 6/6
     0 | D:1      | ok I dont care anymore
     0 | D:1      | I didnt to begin with
     0 | D:1      | but now I really dont
   561 | D:1      | Reached skill level 1 in Unarmed Combat
   702 | D:1      | Reached XP level 2. HP: 14/16 MP: 8/8
   706 | D:1      | Learned a level 2 spell: Blink
   709 | D:1      | Learned a level 2 spell: Shroud of Golubria
  1403 | D:2      | Found an ancient bone altar of Kikubaaqudgha.
  1406 | D:2      | Noticed a human
  1408 | D:2      | Killed a human
  1432 | D:2      | Noticed Sigmund
  1992 | D:2      | Gained mutation: You have large cloven feet. [potion of
                  | mutation]
  1992 | D:2      | Gained mutation: Your magical capacity is low. (-10% MP)
                  | [potion of mutation]
  1992 | D:2      | Gained mutation: Your system is resistant to poisons.
                  | (rPois) [potion of mutation]
  2002 | D:2      | Reached skill level 7 in Fighting
  2002 | D:2      | Reached XP level 3. HP: 10/29 MP: 8/8
  2006 | D:2      | Slain by an adder

Levels and vault maps discovered:
D:1:      psy_arrival_whirlpool, layout_loops_ring
D:2:      layout_loops_ring, tgw_kikubaaqudgha, uniq_sigmund

Skill      XL: |  1  2 |
---------------+-------+-----
Unarmed Combat | 1 2 |  2.0
Fighting       | 7 |  7.7
Short Blades   | |  2.0
Throwing       | |  1.0
Armour         | |  0.7
Dodging        | |  2.4
Spellcasting   | |  3.0
Translocations | |  3.2

Action                   || total
-------------------------++-------
Melee: Unarmed           ||    49
       Short sword       ||    99
       Kick              ||     1
Throw: Boomerang         ||     5
 Cast: Shroud of Golubri ||     2
  Use: Potion            ||     3
  Eat: Chunk             ||     3
Armor: Leather armour    ||    83
Dodge: Dodged            ||   162

Table legend:
 A = Non-vault XP
 B = Vault XP
 C = Vault XP percentage of total XP
 D = Non-vault monster count
 E = Vault monster count
 F = Vault count percentage of total count
                 A         B        C        D         E       F
            +---------+---------+-------+---------+---------+-------
      Total |      31 |       0 |   0.0 |      18 |       0 |   0.0
            +---------+---------+-------+---------+---------+-------
        D:1 |      16 |       0 |   0.0 |       9 |       0 |   0.0
        D:2 |      15 |       0 |   0.0 |       9 |       0 |   0.0
            +---------+---------+-------+---------+---------+-------
